 Dungeon Crawl Stone Soup version 0.31-a0-496-g6f97920a28 (webtiles) character file.

Game seed: 4999179118763337034

1211 bmack86 the Cleaver (level 8, 0/64 HPs)
             Began as a Minotaur Fighter on Aug 9, 2023.
             Slain by an ice beast (11 damage)
             ... on level 6 of the Dungeon.
             The game lasted 00:14:14 (4333 turns).

bmack86 the Cleaver (Minotaur Fighter)              Turns: 4333, Time: 00:14:15

Health: 0/64       AC: 11    Str: 28    XL:     8   Next: 22%
Magic:  7/7        EV:  7    Int:  5    God:
Gold:   196        SH:  5    Dex: 17    Spells: 7/7 levels left

rFire   . . .        d - +1 broad axe (vamp)
rCold   . . .        c - +0 buckler
rNeg    . . .        w - +0 plate armour
rPois   .            (helmet restricted)
rElec   .            (no cloak)
rCorr   .            (no gloves)
SInv    .            (no boots)
Will    .....        x - amulet of the acrobat Stlth
                     p - +6 ring of dexterity
HPRegen 0.30/turn    h - +6 ring of strength
MPRegen 0.10/turn

%: acrobat
@: brilliant
A: horns 2, retaliatory headbutt
a: no special abilities


You were on level 6 of the Dungeon.
You visited 1 branch of the dungeon, and saw 6 of its levels.

You collected 196 gold pieces.

Inventory:

Hand Weapons
 a - a +0 war axe
 d - a +1 vampiric broad axe (weapon)
Missiles
 f - 9 silver javelins
 v - 6 boomerangs
Armour
 b - a +0 scale mail
 c - a +0 buckler (worn)
 w - a +0 plate armour (worn)
Jewellery
 e - a ring of fire
 h - a +6 ring of strength (right hand)
 p - a +6 ring of dexterity (left hand)
 u - a ring of poison resistance
 x - an amulet of the acrobat (around neck)
Wands
 n - a wand of polymorph (9)
 r - a wand of flame (5) (quivered)
Scrolls
 g - a scroll of teleportation
 j - a scroll of fear
 l - a scroll of poison
Potions
 i - 2 potions of curing
 k - a potion of lignification {unknown}
 m - a potion of brilliance
 s - a potion of attraction {unknown}
 z - a potion of enlightenment {unknown}


   Skills:
 - Level 3.6 Fighting
 * Level 10.7 Axes
 - Level 4.3 Throwing
 - Level 3.6 Armour
 - Level 3.6 Shields


You had 7 spell levels left.
You didn't know any spells.
Your spell library contained the following spells:

 Spells                   Type           Power      Damage    Failure   Level
 Magic Dart               Conj           0%         1d3       100%        1
 Slow                     Hex            0%         N/A       100%        1
 Lesser Beckoning         Tloc           0%         N/A       100%        2
 Searing Ray              Conj           0%         2d4       100%        2
 Confusing Touch          Hex            0%         N/A       100%        3
 Gell's Gravitas          Tloc           0%         N/A       100%        3
 Teleport Other           Tloc           0%         N/A       100%        3
 Vampiric Draining        Necr           0%         2d6       100%        3
 Fulminant Prism          Conj/Hex       0%         3d5       100%        4


Dungeon Overview and Level Annotations

Branches:
Dungeon (6/15)
 Temple: D:4-7

Altars:

Annotations:
D:2 1 runed translucent door, Crazy Yiuf
D:3 3 runed translucent doors, KarmaticGoose's ghost, weakling VSNe


Innate Abilities, Weirdness & Mutations

You have a pair of horns on your head.
You reflexively headbutt those who attack you in melee.


Message History

You barely miss the kobold brigand.
You feel sick. The water moccasin bites you!
You are lethally poisoned!
The water moccasin poisons you! You block the kobold brigand's attack.
You slash the water moccasin!
Your headbutt misses the water moccasin.
The water moccasin is moderately wounded.
You hit the kobold.
You feel better.
You kill the kobold!
You barely miss the kobold brigand.
* * * LOW HITPOINT WARNING * * *
You feel very sick.
The water moccasin bites you but does no damage.
You block the kobold brigand's attack.
You hit the water moccasin but do no damage.
Your headbutt misses the water moccasin.
The water moccasin is moderately wounded.
You slash the ice beast! You closely miss the kobold brigand.
* * * LOW HITPOINT WARNING * * *
You feel very sick.
The water moccasin bites you but does no damage.
The water moccasin bites you.
* * * LOW HITPOINT WARNING * * *
You are more poisoned.
The water moccasin poisons you!
The ice beast hits you but does no damage.
The kobold brigand hits you with a +0 club.
* * * LOW HITPOINT WARNING * * *
You feel better. The water moccasin bites you.
* * * LOW HITPOINT WARNING * * *
The ice beast closely misses you.
The kobold brigand hits you but does no damage.
It was a potion of brilliance.
You feel clever all of a sudden. The water moccasin bites you.
* * * LOW HITPOINT WARNING * * *
The ice beast hits you.
* * * LOW HITPOINT WARNING * * *
The ice beast freezes you!
You die...

#.# ##.###########
#.#####......<......
#.........>.....####
#######.........#
###### #.........#
......#####.........#
.....KY))...........#
##.##KS@##.##.......#
#.K)##.##.......#
##.###.###.#.#### ..
... ...# .#. #.# .###
#.#. #.# # #. #.# #.


You could see a water moccasin, an ice beast, a kobold brigand and 2 kobolds.

Vanquished Creatures
  A water moccasin (D:3)
  An orc warrior (D:4)
  An ogre (D:4)
  2 black bears (D:4)
  Blork the orc (D:4)
  A scorpion (D:5)
  2 hounds
  A gnoll bouda (D:5)
  4 orc priests
  2 sleepcaps
  An orc wizard (D:6)
  Natasha (thrice) (D:3)
  An iguana (D:6)
  5 gnolls (D:5)
  6 adders
  A white imp (D:5)
  2 ufetubi (D:5)
  2 worms
  5 dart slugs
  13 orcs
  6 bats
  7 endoplasms
  3 giant cockroaches
  A goblin (D:2)
  4 hobgoblins
  8 jackals
  4 quokkas
  8 ball pythons
  3 frilled lizards
  10 kobolds
  6 rats
115 creatures vanquished.

Notes
Turn   | Place    | Note
-------+----------+-------------------------------------------
     0 | D:1      | bmack86 the Minotaur Fighter began the quest for the Orb.
     0 | D:1      | Reached XP level 1. HP: 19/19 MP: 0/0
   141 | D:1      | Reached skill level 3 in Axes
   460 | D:1      | Reached XP level 2. HP: 23/26 MP: 1/1
   836 | D:2      | Reached skill level 4 in Axes
   840 | D:2      | Reached XP level 3. HP: 8/31 MP: 2/2
  1518 | D:2      | Found a runed translucent door.
  1519 | D:2      | Noticed Crazy Yiuf
  1767 | D:3      | Reached skill level 5 in Axes
  1831 | D:3      | Found a runed translucent gate.
  1832 | D:3      | Found a runed translucent gate.
  1838 | D:3      | Found a runed translucent gate.
  1871 | D:3      | Noticed KarmaticGoose's ghost (weakling VSNe)
  1878 | D:3      | Reached XP level 4. HP: 39/39 MP: 3/3
  2012 | D:3      | Reached skill level 1 in Throwing
  2081 | D:3      | Noticed Natasha
  2088 | D:3      | Killed Natasha
  2138 | D:3      | Noticed Natasha
  2144 | D:3      | Killed Natasha
  2145 | D:3      | Reached XP level 5. HP: 39/45 MP: 4/4
  2217 | D:3      | Noticed Natasha
  2221 | D:3      | Killed Natasha
  2222 | D:3      | Reached skill level 6 in Axes
  2713 | D:4      | Noticed an ogre
  2721 | D:4      | Killed an ogre
  2722 | D:4      | Reached XP level 6. HP: 17/51 MP: 5/5
  2732 | D:4      | Reached skill level 7 in Axes
  2817 | D:4      | Noticed an orc warrior
  2825 | D:4      | Killed an orc warrior
  3054 | D:4      | Reached skill level 8 in Axes
  3063 | D:4      | Noticed a water moccasin
  3076 | D:3      | Killed a water moccasin
  3077 | D:3      | Reached XP level 7. HP: 39/57 MP: 6/6
  3548 | D:4      | Reached skill level 9 in Axes
  3646 | D:5      | Entered Level 5 of the Dungeon
  3737 | D:5      | Noticed Blork the orc
  3753 | D:4      | Killed Blork the orc
  3874 | D:5      | Reached skill level 10 in Axes
  3874 | D:5      | Reached XP level 8. HP: 49/64 MP: 7/7
  4333 | D:6      | Slain by an ice beast

Illustrated notes

Levels and vault maps discovered:
D:1:      lightli_arrival_flooded_house, layout_loops_corners,
          serial_park_tiny_1
D:2:      layout_loops_ring, uniq_crazy_yiuf_cottage
D:3:      layout_loops_ring, gammafunk_ghost_icy, uniq_natasha
D:4:      layout_loops_ring, serial_bayou_pond_b, reono_crystal_passage
D:5:      layout_cave_pools, grunt_ministairs_2, uniq_blork_the_orc
D:6:      layout_loops_ring, eino_small_chamber_without_monster, minivault_14

Skill      XL: |  1  2  3  4  5  6  7 |
---------------+----------------------+-----
Axes           | 3 4 5 6 8 10 | 10.7
Throwing       | 1 2 3 4 |  4.3
Fighting       | |  3.6
Armour         | |  3.6
Shields        | |  3.6

Action                     |  1- 3 |  4- 6 |  7- 9 || total
---------------------------+-------+-------+-------++-------
  Melee: War axe           |    83 |    92 |    22 ||   197
         Headbutt          |     7 |    13 |    15 ||    35
         Broad axe         |       |       |    61 ||    61
  Evoke: Wand              |       |     3 |     4 ||     7
    Use: Potion            |       |     1 |     2 ||     3
         Scroll            |       |       |    10 ||    10
 Armour: Scale mail        |    34 |    19 |       ||    53
         Plate armour      |       |    18 |    48 ||    66
  Dodge: Dodged            |    54 |    38 |    39 ||   131
  Block: Buckler           |    19 |    22 |    35 ||    76

Table legend: (Time is in decaauts)
 A = Elapsed time spent in this place.
 B = Non-inter-level travel time spent in this place.
 C = Inter-level travel time spent in this place.
 D = Time resting spent in this place.
 E = Time spent auto-exploring this place.
 F = Levels seen in this place.
 G = Mean time per level.
                   A        B        C        D        E       F      G
               +--------+--------+--------+--------+--------+-----+--------+
         Total |   4402 |   4291 |    111 |    252 |   3002 |   6 |  733.7 |
       Dungeon |   4402 |   4291 |    111 |    252 |   3002 |   6 |  733.7 |
               +--------+--------+--------+--------+--------+-----+--------+

Top non-repeatable levels by time:
     D:3: 1048 daAuts
     D:4: 1020 daAuts
     D:2: 923 daAuts
     D:1: 833 daAuts
     D:5: 542 daAuts
     D:6: 35 daAuts
